 Dungeon Crawl Stone Soup version 0.28-b1-1-g3c77fb2ed1 (webtiles) character file.

Game seed: 12530522120273275705

2023 boopmooplesden the Cleaver (level 9, -1/78 HPs)
             Began as a Minotaur Fighter on Jan 28, 2022.
             Was an Initiate of Okawaru.
             Slain by an orc warrior (17 damage)
             ... in a bailey.
             The game lasted 00:07:57 (6532 turns).

boopmooplesden the Cleaver (Minotaur Fighter)       Turns: 6532, Time: 00:07:58

Health: -1/78      AC: 14    Str: 24    XL:     9   Next: 3%
Magic:  8/8        EV:  7    Int:  5    God:    Okawaru [......]
Gold:   209        SH:  5    Dex: 11    Spells: 8/8 levels left

rFire   . . .      SeeInvis .   a - +2 war axe
rCold   . . .      Faith    .   c - +0 buckler
rNeg    . . .      Spirit   .   j - +0 plate armour
rPois   .          Reflect  .   o - +0 hat
rElec   .          Harm     .   (no cloak)
rCorr   .          Rampage  .   l - +0 pair of gloves
Will    .....                   (no boots)
Stlth   ..........              (no amulet)
HPRegen 0.23/turn               (no ring)
MPRegen 0.11/turn               (no ring)

@: mighty
A: horns 2, retaliatory headbutt
a: Renounce Religion


You were in a bailey.
You worshipped Okawaru.
Okawaru was noncommittal.
You visited 2 branches of the dungeon, and saw 8 of its levels.
You also visited: Bailey.

You collected 209 gold pieces.

Inventory:

Hand Weapons
 a - a +2 war axe (weapon)
Missiles
 q - 5 boomerangs (quivered)
 r - 6 silver javelins
 t - a throwing net
Armour
 b - a +0 scale mail
 c - a +0 buckler (worn)
 j - a +0 plate armour (worn)
 l - a +0 pair of gloves (worn)
 o - a +0 hat (worn)
 w - a +0 pair of gloves
Jewellery
 p - a ring of positive energy
Scrolls
 e - 2 scrolls of teleportation
 g - a scroll of identify
 h - a scroll of noise
 i - a scroll of magic mapping
 u - a scroll of immolation {unknown}
 v - a scroll of enchant weapon
Potions
 d - a potion of might
 f - 2 potions of heal wounds
 k - a potion of haste
 m - 4 potions of curing
 n - a potion of flight
 s - a potion of degeneration


   Skills:
 + Level 6.8 Fighting
 + Level 9.3 Axes
 + Level 1.0 Throwing
 + Level 7.9 Armour
 + Level 3.1 Dodging
 + Level 0.1 Stealth
 + Level 5.6 Shields


You had 8 spell levels left.
You didn't know any spells.
Your spell library contained the following spells:

 Spells                   Type           Power      Damage    Failure   Level
 Freeze                   Ice            0%         1d3       100%        1
 Slow                     Hex            0%         N/A       100%        1
 Sublimation of Blood     Necr           0%         N/A       100%        2
 Confusing Touch          Hex            0%         N/A       100%        3
 Frozen Ramparts          Ice            0%         1d2       100%        3
 Vampiric Draining        Necr           0%         2d6       100%        3
 Hailstorm                Conj/Ice       0%         3d3       100%        4
 Petrify                  Tmut/Erth      0%         N/A       100%        4
 Irradiate                Conj/Tmut      0%         3d13      100%        5
 Dispersal                Tloc           0%         N/A       100%        6
 Disjunction              Tloc           0%         N/A       100%        8


Dungeon Overview and Level Annotations

Branches:
Dungeon (7/15)             Temple (1/1) D:6          Bailey (1/1)

Altars:
Ashenzari
Cheibriados
Dithmenos
Elyvilon
Fedhas
Gozag
Hepliaklqana
Kikubaaqudgha
Makhleb
Nemelex Xobeh
Okawaru
Qazlal
Ru
Sif Muna
Trog
Uskayaw
Vehumet
Wu Jian
Xom
Yredelemnul
Zin
The Shining One

Shops:
D:2 :


Innate Abilities, Weirdness & Mutations

You have a pair of horns on your head.
You reflexively headbutt those who attack you in melee.


Message History

The orc hits you but does no damage. The orc hits you but does no damage.
You block the orc's attack.
The orc warrior hits you but does no damage.
The orc barely misses you. x2; You block the orc warrior's attack.
The orc hits you with a +0 trident.
You slash the orc warrior!
The orc warrior is moderately wounded.
You hit the orc. x2; The orc barely misses you.
The orc splashes around in the water.
The orc barely misses you. You furiously retaliate!
You headbutt the orc!
You kill the orc!
Okawaru accepts your kill.
The orc warrior hits you with a +0 halberd.
The orc hits you but does no damage.
You completely miss the orc warrior. Your headbutt misses the orc warrior.
The orc warrior is moderately wounded.
You barely miss the orc. The orc barely misses you.
The orc hits you but does no damage.
The orc warrior hits you with a +0 halberd!
The orc hits you but does no damage.
You hit the orc warrior.
The orc warrior is heavily wounded.
You hit the orc. The orc barely misses you.
The orc hits you but does no damage.
The orc warrior hits you with a +0 halberd.
* * * LOW HITPOINT WARNING * * *
The orc closely misses you. You furiously retaliate!
You headbutt the orc!
You kill the orc!
Okawaru accepts your kill.
You hear a splash. x2
The orc splashes around in the water.
The orc barely misses you.
You slash the orc warrior! Your headbutt misses the orc warrior.
The orc warrior is almost dead.
The orc warrior hits you with a +0 halberd.
* * * LOW HITPOINT WARNING * * *
You block the orc's attack. x2
You closely miss the orc warrior.
The orc warrior is almost dead.
The orc warrior hits you with a +0 halberd!
You die...

#### ##∩∩#
#..## ##..#
.######..##
..........#
≈≈≈≈≈≈≈o≈o#
.......o≈@#
#######.))#
$$. #.≈.#
#.$.##..≈.#
##.##..≈≈.#
#+#..≈≈.∩#
#..≈≈.##
##..≈≈
##..≈


You could see an orc warrior and 2 orcs.

Vanquished Creatures
  A gargoyle (D:6)
  A water moccasin (D:5)
  2 black bears
  A sky beast (D:5)
  5 ogres
  2 scorpions
  A water moccasin zombie (D:5)
  A bullfrog zombie (D:6)
  A bullfrog skeleton (D:4)
  A jelly (D:5)
  2 centaur skeletons (D:4)
  3 gnoll shamans
  3 iguanas
  25 gnolls
  5 adders
  2 shadow imps
  A white imp (D:6)
  3 ufetubi
  An adder zombie (D:5)
  An adder skeleton (D:4)
  A worm (D:2)
  A dart slug (D:2)
  14 orcs
  12 ball pythons
  13 endoplasms
  2 giant cockroaches
  25 goblins
  7 hobgoblins
  7 jackals
  3 quokkas
  5 bats
  4 frilled lizards
  7 kobolds
  9 rats
172 creatures vanquished.

Vanquished Creatures (others)
  3 fungi (D:3)
  3 plants (D:3)
6 creatures vanquished.

Grand Total: 178 creatures vanquished

Notes
Turn   | Place    | Note
-------+----------+-------------------------------------------
     0 | D:1      | boopmooplesden the Minotaur Fighter began the quest for the
                  | Orb.
     0 | D:1      | Reached XP level 1. HP: 19/19 MP: 0/0
   221 | D:1      | Reached XP level 2. HP: 23/27 MP: 1/1
   570 | D:1      | You fall into a shaft and drop 1 floor!
   658 | D:2      | Reached XP level 3. HP: 33/33 MP: 2/2
   738 | D:2      | Found a basalt altar of Yredelemnul.
   752 | D:2      | Reached skill level 3 in Axes
  1025 | D:2      | Found Lonob's Book Shop.
  1576 | D:2      | Reached XP level 4. HP: 40/40 MP: 3/3
  1991 | D:3      | Reached skill level 5 in Armour
  2335 | D:3      | Reached skill level 4 in Axes
  2338 | D:3      | Reached XP level 5. HP: 25/47 MP: 4/4
  2620 | D:3      | Found a faded altar of an unknown god.
  2863 | D:4      | Reached skill level 1 in Dodging
  2967 | D:4      | Reached skill level 5 in Axes
  2967 | D:4      | Reached XP level 6. HP: 41/55 MP: 5/5
  3512 | D:4      | Reached skill level 5 in Fighting
  3636 | D:4      | Found a snail-covered altar of Cheibriados.
  3681 | D:5      | Entered Level 5 of the Dungeon
  3694 | D:5      | Reached skill level 6 in Axes
  3926 | D:5      | Reached XP level 7. HP: 53/61 MP: 6/6
  4704 | D:5      | Reached skill level 7 in Axes
  4781 | D:5      | Reached skill level 1 in Throwing
  4781 | D:5      | Reached XP level 8. HP: 70/70 MP: 7/7
  5171 | D:6      | Noticed a gargoyle
  5183 | D:6      | Killed a gargoyle
  5184 | D:6      | Reached skill level 8 in Axes
  5184 | D:6      | Reached skill level 5 in Shields
  5503 | D:6      | Found a staircase to the Ecumenical Temple.
  5526 | Temple   | Entered the Ecumenical Temple
  5659 | Temple   | Became a worshipper of Warmaster Okawaru
  5963 | D:6      | Reached skill level 9 in Axes
  6368 | D:7      | Reached XP level 9. HP: 75/78 MP: 8/8
  6493 | D:7      | Found a flagged portal.
  6505 | Bailey   | Entered a bailey
  6532 | Bailey   | Slain by an orc warrior

Illustrated notes

Levels and vault maps discovered:
D:1:      lemuel_arrival_tunnels, layout_loops_corners
D:2:      layout_rooms, serial_shops, nicolae_lakefront_shop, basic_altar
D:3:      kennysheep_the_goblin_king, layout_loops_ring,
          shapermc_ecumenical_altar_acropolis, hex_tiny
D:4:      layout_basic, lemuel_crystal_altar, minmay_crossroads
D:5:      layout_rooms, minmay_misc_feat_room, chequers_serial_rivers_micro_d,
          st_stairs_5, minmay_ogre_servants
D:6:      layout_basic, minmay_temple_entry_stoned_glass
D:7:      layout_gridville, enter_bailey_3, serial_shops, shop
Temple:   kilobyte_greek_temple
Bailey:   bailey_polearm_1, bailey

Skill      XL: |  1  2  3  4  5  6  7  8 |
---------------+-------------------------+-----
Shields        | 4 5 |  5.6
Armour         | 4 5 6 7 |  7.9
Fighting       | 4 5 6 |  6.8
Axes           | 3 4 5 6 7 9 |  9.3
Dodging        | 1 2 3 |  3.1
Throwing       | 1 |  1.0
Stealth        | |  0.1

Action                   |  1- 3 |  4- 6 |  7- 9 || total
-------------------------+-------+-------+-------++-------
Melee: War axe           |    75 |   117 |   186 ||   378
       Headbutt          |     8 |    13 |    32 ||    53
Throw: Boomerang         |       |     1 |     6 ||     7
  Use: Scroll            |       |       |    11 ||    11
       Potion            |       |       |     2 ||     2
Armor: Scale mail        |    37 |    58 |    46 ||   141
       Plate armour      |       |       |    63 ||    63
Dodge: Dodged            |    29 |    70 |    93 ||   192
Block: Buckler           |    15 |    31 |    49 ||    95
